NYP
MILWAUKEE (NYP) BREWERS @ ROME BRAVES
08/08/2045
 
TOP OF THE 1ST
Milwaukee (NYP) Brewers batting - Pitching for Rome Braves : RHP Josh Thomas
Pitching: RHP Josh Thomas
Batting: RHB Hector Silva 0-0: Foul Ball, location: 2F
0-1: Ball
1-1: Ball
2-1: SINGLE (Groundball, 56D, EV 95.0 MPH)
Batting: SHB Robert Sayer 0-0: Called Strike
Hector Silva steals 2nd, throwing error, E2
Hector Silva to third
0-1: Called Strike
0-2: SINGLE (Groundball, 6S, EV 71.2 MPH) (infield hit)
Hector Silva scores
Batting: RHB Skyler Goss 0-0: Fly out, F9 (Line Drive, 9, EV 92.5 MPH)
Batting: SHB Mike Williams 0-0: Called Strike
Robert Sayer steals 2nd base
0-1: Foul Ball, location: 2F
0-2: TRIPLE (Flyball, 9D, EV 89.4 MPH)
Robert Sayer scores
Batting: RHB Jonathan Sarles 0-0: Swinging Strike
0-1: Swinging Strike
0-2: Strikes out swinging
Batting: RHB Ben Taylor 0-0: Called Strike
0-1: Ball
1-1: Swinging Strike
1-2: Strikes out looking
Top of the 1st over - 2 runs, 3 hits, 1 error, 1 left on base; Milwaukee (NYP) 2 - Rome 0
BOTTOM OF THE 1ST
Rome Braves batting - Pitching for Milwaukee (NYP) Brewers : RHP Corey Pierce
Pitching: RHP Corey Pierce
Batting: LHB Robby Dann 0-0: Called Strike
0-1: Foul Ball, location: 2F
0-2: Ball
1-2: Ball
2-2: Fly out, F8 (Flyball, 8LD, EV 73.8 MPH)
Batting: LHB Joe Phillips 0-0: Called Strike
0-1: Called Strike
0-2: Strikes out swinging
Batting: RHB Hisayuki Akiyama 0-0: Ball
1-0: Ball
2-0: Foul Ball, location: 2F
2-1: Ball
3-1: Called Strike
3-2: Ground out 4-3 (Groundball, 4, EV 95.0 MPH)
Bottom of the 1st over - 0 runs, 0 hits, 0 errors, 0 left on base; Milwaukee (NYP) 2 - Rome 0
TOP OF THE 2ND
Milwaukee (NYP) Brewers batting - Pitching for Rome Braves : RHP Josh Thomas
Batting: RHB Bryant Thies 0-0: Ball
1-0: Foul Ball, location: 2F
1-1: Called Strike
1-2: Ground out 4-3 (Groundball, 4, EV 76.9 MPH)
Batting: SHB Adam Slade 0-0: Ball
1-0: Called Strike
1-1: Ball
2-1: Ball
3-1: Base on Balls
Batting: RHB Bobby McCann 0-0: Called Strike
0-1: Foul Ball, location: 2F
0-2: Foul Ball, location: 2F
0-2: Ball
1-2: Ball
2-2: Fly out, F7 (Flyball, 7S, EV 88.1 MPH)
Batting: RHB Hector Silva 0-0: Ball
1-0: Called Strike
1-1: Ground out 1-3 (Groundball, 13S, EV 70.6 MPH)
Top of the 2nd over - 0 runs, 0 hits, 0 errors, 1 left on base; Milwaukee (NYP) 2 - Rome 0
BOTTOM OF THE 2ND
Rome Braves batting - Pitching for Milwaukee (NYP) Brewers : RHP Corey Pierce
Batting: RHB Jose Ramos 0-0: Ball
1-0: Called Strike
1-1: Ball
2-1: Swinging Strike
2-2: Foul Ball, location: 2F
2-2: Foul Ball, location: 2F
2-2: Strikes out looking
Batting: LHB Mike Tenorio 0-0: Swinging Strike
0-1: Foul Ball, location: 2F
0-2: Foul Ball, location: 2F
0-2: Foul Ball, location: 2F
0-2: Foul Ball, location: 2F
0-2: Ground out 5-3 (Groundball, 56S, EV 93.1 MPH)
Batting: RHB Toki Takeuchi 0-0: Ball
1-0: Called Strike
1-1: Foul Ball, location: 2F
1-2: Strikes out swinging
Bottom of the 2nd over - 0 runs, 0 hits, 0 errors, 0 left on base; Milwaukee (NYP) 2 - Rome 0
TOP OF THE 3RD
Milwaukee (NYP) Brewers batting - Pitching for Rome Braves : RHP Josh Thomas
Batting: SHB Robert Sayer 0-0: Called Strike
0-1: Ball
1-1: Fly out, F1 (Line Drive, P, EV 74.4 MPH)
Batting: RHB Skyler Goss 0-0: Ball
1-0: Hit by Pitch
Batting: SHB Mike Williams 0-0: Foul Ball, location: 2F
0-1: Ball
1-1: Ball
2-1: Fielders Choice at 2nd, 3-6 (Groundball, 34, EV 103.8 MPH)
Batting: RHB Jonathan Sarles 0-0: SINGLE (Line Drive, 7S, EV 96.9 MPH)
Mike Williams to second
Mike Williams to third
Batting: RHB Ben Taylor 0-0: Ball
1-0: Foul Ball, location: 2F
1-1: Ball
2-1: Swinging Strike
2-2: Strikes out swinging
Top of the 3rd over - 0 runs, 1 hit, 0 errors, 2 left on base; Milwaukee (NYP) 2 - Rome 0
BOTTOM OF THE 3RD
Rome Braves batting - Pitching for Milwaukee (NYP) Brewers : RHP Corey Pierce
Batting: LHB Javier Rubio 0-0: Bunt missed!
0-1: Ball
1-1: DOUBLE (Line Drive, 3D, EV 96.9 MPH)
Batting: SHB Jordan Barragan 0-0: Ball
1-0: Called Strike
Javier Rubio steals 3rd base
1-1: Ball
2-1: Ball
3-1: Called Strike
3-2: Strikes out swinging
Batting: LHB Malik Boulay 0-0: Ball
Wild Pitch!
Javier Rubio scores
1-0: Ground out 5-3 (Groundball, 56, EV 105.0 MPH)
Batting: LHB Robby Dann 0-0: Ball
1-0: Foul Ball, location: 2F
1-1: Called Strike
1-2: Ground out 5-3 (Groundball, 5, EV 100.6 MPH)
Bottom of the 3rd over - 1 run, 1 hit, 0 errors, 0 left on base; Milwaukee (NYP) 2 - Rome 1
TOP OF THE 4TH
Milwaukee (NYP) Brewers batting - Pitching for Rome Braves : RHP Josh Thomas
Batting: RHB Bryant Thies 0-0: Ball
1-0: Called Strike
1-1: Ball
2-1: Ground out 4-3 (Groundball, 4, EV 86.9 MPH)
Batting: SHB Adam Slade 0-0: Called Strike
0-1: Ground out 5-3 (Groundball, 56S, EV 63.1 MPH)
Batting: RHB Bobby McCann 0-0: Ball
1-0: Ground out 6-3 (Groundball, 6M, EV 90.6 MPH)
Top of the 4th over - 0 runs, 0 hits, 0 errors, 0 left on base; Milwaukee (NYP) 2 - Rome 1
BOTTOM OF THE 4TH
Rome Braves batting - Pitching for Milwaukee (NYP) Brewers : RHP Corey Pierce
Batting: LHB Joe Phillips 0-0: Ball
1-0: SINGLE (Groundball, 4MD, EV 103.1 MPH)
Batting: RHB Hisayuki Akiyama 0-0: 2-RUN HOME RUN (Flyball, 7D, EV 100.0 MPH), Distance : 382 ft
Batting: RHB Jose Ramos 0-0: Swinging Strike
0-1: Swinging Strike
0-2: Foul Ball, location: 2F
0-2: Foul Ball, location: 2F
0-2: Strikes out swinging
Batting: LHB Mike Tenorio 0-0: Ball
1-0: Ball
2-0: Ball
3-0: Base on Balls
Batting: RHB Toki Takeuchi 0-0: Called Strike
0-1: Foul Ball, location: 2F
0-2: Strikes out swinging
Batting: LHB Javier Rubio 0-0: Foul Ball, location: 2F
0-1: Called Strike
0-2: Fielders Choice at 2nd, 6-4 (Groundball, 6, EV 97.5 MPH)
Bottom of the 4th over - 2 runs, 2 hits, 0 errors, 1 left on base; Milwaukee (NYP) 2 - Rome 3
TOP OF THE 5TH
Milwaukee (NYP) Brewers batting - Pitching for Rome Braves : RHP Josh Thomas
Batting: RHB Hector Silva 0-0: Ball
1-0: Called Strike
1-1: Ground out 5-3 (Groundball, 56, EV 83.8 MPH)
Batting: SHB Robert Sayer 0-0: Swinging Strike
0-1: DOUBLE (Line Drive, 89XD, EV 102.5 MPH)
Batting: RHB Skyler Goss 0-0: Called Strike
0-1: Ground out 6-3 (Groundball, P, EV 83.8 MPH)
Robert Sayer to third
Batting: SHB Mike Williams 0-0: Foul Ball, location: 2F
0-1: 2-RUN HOME RUN (Line Drive, 7D, EV 97.5 MPH), Distance : 370 ft
Batting: RHB Jonathan Sarles 0-0: Ball
1-0: Ball
2-0: Ball
3-0: Called Strike
3-1: Called Strike
3-2: Foul Ball, location: 2F
3-2: DOUBLE (Flyball, 8RXD, EV 99.4 MPH)
Batting: RHB Ben Taylor 0-0: Foul Ball, location: 2F
0-1: Ball
1-1: Foul Ball, location: 2F
1-2: Ball
2-2: Foul Ball, location: 2F
2-2: Strikes out looking
Top of the 5th over - 2 runs, 3 hits, 0 errors, 1 left on base; Milwaukee (NYP) 4 - Rome 3
BOTTOM OF THE 5TH
Rome Braves batting - Pitching for Milwaukee (NYP) Brewers : RHP Corey Pierce
Batting: SHB Jordan Barragan 0-0: Ball
1-0: Ground out 5-3 (Groundball, 56, EV 99.4 MPH)
Batting: LHB Malik Boulay 0-0: Ball
1-0: Ground out U3 (Groundball, 13, EV 81.2 MPH)
Batting: LHB Robby Dann 0-0: SINGLE (Popup, 6D, EV 49.4 MPH)
Batting: LHB Joe Phillips 0-0: Ball
Robby Dann is caught stealing 2nd base 2-6
Bottom of the 5th over - 0 runs, 1 hit, 0 errors, 0 left on base; Milwaukee (NYP) 4 - Rome 3
TOP OF THE 6TH
Milwaukee (NYP) Brewers batting - Pitching for Rome Braves : RHP Josh Thomas
Batting: RHB Bryant Thies 0-0: Ball
1-0: Fly out, F9 (Flyball, 89S, EV 96.2 MPH)
Batting: SHB Adam Slade 0-0: Foul Ball, location: 2F
0-1: Ball
1-1: Called Strike
1-2: Strikes out swinging
Batting: RHB Bobby McCann 0-0: Ball
1-0: Called Strike
1-1: Ball
2-1: Ground out 6-3 (Groundball, 6, EV 97.5 MPH)
Top of the 6th over - 0 runs, 0 hits, 0 errors, 0 left on base; Milwaukee (NYP) 4 - Rome 3
BOTTOM OF THE 6TH
Rome Braves batting - Pitching for Milwaukee (NYP) Brewers : RHP Corey Pierce
Batting: LHB Joe Phillips 0-0: Foul Ball, location: 2F
0-1: Ball
1-1: Ball
2-1: Called Strike
2-2: Foul Ball, location: 2F
2-2: Ball
3-2: Base on Balls
Pitching: LHP John Miller
Batting: RHB Hisayuki Akiyama 0-0: Ball
1-0: Swinging Strike
1-1: Swinging Strike
1-2: Strikes out swinging
Batting: RHB Jose Ramos 0-0: Ball
Wild Pitch!
Joe Phillips to second
1-0: Swinging Strike
1-1: Swinging Strike
1-2: Fly out, F7 (Flyball, 7LM, EV 100.6 MPH)
Batting: LHB Mike Tenorio 0-0: SINGLE (Groundball, 34D, EV 106.2 MPH)
Joe Phillips to third
Batting: RHB Toki Takeuchi 0-0: Ball
1-0: Ball
2-0: Ball
3-0: Called Strike
3-1: Foul Ball, location: 2F
3-2: Foul Ball, location: 2F
3-2: Foul Ball, location: 2F
3-2: Base on Balls
Mike Tenorio to second
Pinch Hitting: RHB Andy Cunningham 0-0: Fly out, F4 (Popup, 4, EV 57.5 MPH)
Bottom of the 6th over - 0 runs, 1 hit, 0 errors, 3 left on base; Milwaukee (NYP) 4 - Rome 3
TOP OF THE 7TH
Milwaukee (NYP) Brewers batting - Pitching for Rome Braves : RHP Josh Thomas
Now in LF: Toki Takeuchi
Now in CF: Andy Cunningham
Batting: RHB Hector Silva 0-0: Ball
1-0: Ground out 1-3 (Groundball, P, EV 66.2 MPH)
Batting: SHB Robert Sayer 0-0: Ball
1-0: Ball
2-0: Swinging Strike
2-1: Foul Ball, location: 2F
2-2: Ground out 4-3 (Groundball, 4, EV 81.9 MPH)
Pitching: RHP Wami Benthami
Batting: RHB Skyler Goss 0-0: Ball
1-0: Ball
2-0: Called Strike
2-1: Ball
3-1: Ground out 1-3 (Groundball, 15S, EV 68.1 MPH)
Top of the 7th over - 0 runs, 0 hits, 0 errors, 0 left on base; Milwaukee (NYP) 4 - Rome 3
BOTTOM OF THE 7TH
Rome Braves batting - Pitching for Milwaukee (NYP) Brewers : LHP John Miller
Pitching: RHP Odmar van de Vijver
Batting: SHB Jordan Barragan 0-0: SINGLE (Groundball, 34D, EV 98.8 MPH)
Batting: LHB Malik Boulay 0-0: Called Strike
Jordan Barragan steals 2nd, throwing error, E2
Jordan Barragan to third
0-1: Called Strike
0-2: Ball
Wild Pitch!
Jordan Barragan scores
1-2: Strikes out swinging
Batting: LHB Robby Dann 0-0: Fly out, F8 (Flyball, 8LD, EV 86.9 MPH)
Batting: LHB Joe Phillips 0-0: Ball
1-0: DOUBLE (Flyball, 8RD, EV 95.6 MPH)
Batting: RHB Hisayuki Akiyama 0-0: Called Strike
0-1: Ball
1-1: Swinging Strike
1-2: Ball
2-2: Ball
3-2: Strikes out looking
Bottom of the 7th over - 1 run, 2 hits, 1 error, 1 left on base; Milwaukee (NYP) 4 - Rome 4
TOP OF THE 8TH
Milwaukee (NYP) Brewers batting - Pitching for Rome Braves : RHP Wami Benthami
Pitching: LHP Justin Hawk
Batting: SHB Mike Williams 0-0: Fly out, F8 (Flyball, 8RM, EV 84.4 MPH)
Batting: RHB Jonathan Sarles 0-0: Foul Ball, location: 2F
0-1: Ball
1-1: Ball
2-1: Swinging Strike
2-2: Foul Ball, location: 2F
2-2: Foul Ball, location: 2F
2-2: Strikes out swinging
Batting: RHB Ben Taylor 0-0: Ball
1-0: Foul Ball, location: 2F
1-1: Called Strike
1-2: Strikes out swinging
Top of the 8th over - 0 runs, 0 hits, 0 errors, 0 left on base; Milwaukee (NYP) 4 - Rome 4
BOTTOM OF THE 8TH
Rome Braves batting - Pitching for Milwaukee (NYP) Brewers : RHP Odmar van de Vijver
Pitching: RHP Allen Gans
Batting: RHB Jose Ramos 0-0: Swinging Strike
0-1: Called Strike
0-2: Foul Ball, location: 2F
0-2: Ball
1-2: Ball
2-2: Foul Ball, location: 2F
2-2: Strikes out swinging
Batting: LHB Mike Tenorio 0-0: Foul Ball, location: 2F
0-1: Called Strike
0-2: Fly out, F8 (Line Drive, 8RM, EV 89.4 MPH)
Batting: RHB Toki Takeuchi 0-0: Ball
1-0: Ground out 4-3 (Groundball, 4M, EV 88.1 MPH)
Bottom of the 8th over - 0 runs, 0 hits, 0 errors, 0 left on base; Milwaukee (NYP) 4 - Rome 4
TOP OF THE 9TH
Milwaukee (NYP) Brewers batting - Pitching for Rome Braves : LHP Justin Hawk
Pitching: RHP Omar Orosco
Batting: RHB Bryant Thies 0-0: Swinging Strike
0-1: Fly out, F4 (Line Drive, 4, EV 63.8 MPH)
Batting: SHB Adam Slade 0-0: Called Strike
0-1: Ground out 1-3 (Groundball, 13, EV 60.6 MPH)
Batting: RHB Bobby McCann 0-0: Ball
1-0: Foul Ball, location: 2F
1-1: Called Strike
1-2: Ball
2-2: Foul Ball, location: 2F
2-2: Ground out 6-3 (Groundball, 6, EV 83.1 MPH)
Top of the 9th over - 0 runs, 0 hits, 0 errors, 0 left on base; Milwaukee (NYP) 4 - Rome 4
BOTTOM OF THE 9TH
Rome Braves batting - Pitching for Milwaukee (NYP) Brewers : RHP Allen Gans
Pitching: LHP Dustin Waller
Batting: RHB Andy Cunningham 0-0: Foul Ball, location: 2F
0-1: Foul Ball, location: 2F
0-2: Foul Ball, location: 2F
0-2: Ground out 5-3 (Groundball, 5S, EV 91.2 MPH)
Pitching: LHP Bill Dunham
Batting: SHB Jordan Barragan 0-0: Swinging Strike
0-1: Called Strike
0-2: Ground out 4-3 (Groundball, 4, EV 103.1 MPH)
Pinch Hitting: RHB Peter Wheeler 0-0: Ball
1-0: Ball
2-0: Foul Ball, location: 2F
2-1: Ball
3-1: Foul Ball, location: 2F
3-2: Ground out 5-3 (Groundball, 56, EV 83.1 MPH)
Bottom of the 9th over - 0 runs, 0 hits, 0 errors, 0 left on base; Milwaukee (NYP) 4 - Rome 4
TOP OF THE 10TH
Milwaukee (NYP) Brewers batting - Pitching for Rome Braves : RHP Omar Orosco
Now at 3B: Peter Wheeler
Batting: RHB Hector Silva 0-0: Ball
1-0: Called Strike
1-1: SINGLE (Groundball, 6MD, EV 93.8 MPH)
Batting: SHB Robert Sayer Pickoff Throw to First - Out! 1-3
0-0: Ground out 6-3 (Groundball, 6M, EV 103.1 MPH)
Batting: RHB Skyler Goss 0-0: Ball
1-0: Ball
2-0: Swinging Strike
2-1: Foul Ball, location: 2F
2-2: Foul Ball, location: 2F
2-2: Strikes out looking
Top of the 10th over - 0 runs, 1 hit, 0 errors, 0 left on base; Milwaukee (NYP) 4 - Rome 4
BOTTOM OF THE 10TH
Rome Braves batting - Pitching for Milwaukee (NYP) Brewers : LHP Bill Dunham
Batting: LHB Robby Dann 0-0: Ground out U3 (Groundball, 3, EV 101.9 MPH)
Batting: LHB Joe Phillips 0-0: Called Strike
0-1: Ball
1-1: Ball
2-1: Ball
3-1: Base on Balls
Batting: RHB Hisayuki Akiyama 0-0: Swinging Strike
0-1: Ball
1-1: Swinging Strike
1-2: Ball
2-2: Ball
3-2: Base on Balls
Joe Phillips to second
Batting: RHB Jose Ramos 0-0: Ball
1-0: SINGLE (Line Drive, 9S, EV 97.5 MPH)
Joe Phillips to third
Hisayuki Akiyama to second
Runner from 3rd tries for Home, SAFE, throw by RF to home
Bottom of the 10th over - 1 run, 1 hit, 0 errors, 0 left on base; Milwaukee (NYP) 4 - Rome 5
Game Over ... Rome defeats Milwaukee (NYP), 5 to 4
Wednesday, June 22nd , 2022 - OOTP Baseball 23.4 Build 64